 Dungeon Crawl Stone Soup version 0.18-a0-1639-g7533f42 (webtiles) character file.

296 M4edhros the Ducker (level 6, -6/42 HPs)
             Began as an Octopode Fighter on Mar 27, 2016.
             Was an Initiate of Gozag.
             Mangled by M4edhros's ghost (13 damage)
             ... on level 4 of the Dungeon.
             The game lasted 00:03:44 (2041 turns).

M4edhros the Ducker (Octopode Fighter)              Turns: 2041, Time: 00:03:45

Health: -6/42      AC:  1    Str: 16    XL:     6   Next: 34%
Magic:  6/6        EV: 12    Int: 10    God:    Gozag
Gold:   116        SH:  9    Dex: 13    Spells: 0 memorised, 5 levels left

rFire  x . .     SeeInvis .     a - +0 trident
rCold  + . .     Gourm    .     b - +0 shield
rNeg   . . .     Faith    .     (helmet restricted)
rPois  .         Spirit   .     (no amulet)
rElec  .         Dismiss  .     k - ring of ice
rCorr  .         Reflect  .     (no ring)
SustAt .         Harm     .     (no ring)
MR     .....                    (no ring)
Stlth  ++++......               (no ring)
                                (no ring)
                                (no ring)
                                (no ring)

@: not resistant to hostile enchantments, stealthy
A: almost no armour, amphibious, 8 rings, constrict 8, camouflage 1, gelatinous
body 1
a: Potion Petition, Call Merchant, Bribe Branch, Renounce Religion


You were on level 4 of the Dungeon.
You worshipped Gozag.
Gozag was noncommittal.
You were near starving.

You visited 2 branches of the dungeon, and saw 5 of its levels.

You collected 156 gold pieces.
You paid 40 gold pieces to Gozag.

Inventory:

Hand Weapons
 a - a +0 trident (weapon)
 x - a +2 hunting sling of flaming
Missiles
 n - 74 stones (quivered)
Armour
 b - a +0 shield (worn)
Jewellery
 k - a ring of ice (left tentacle)
Wands
 v - a wand of polymorph (7/24)
Scrolls
 e - 2 scrolls of remove curse
 h - a scroll of teleportation
 i - 2 scrolls of random uselessness
 s - a scroll of enchant armour
 t - 2 scrolls of recharging
Potions
 c - a potion of might
 j - a potion of heal wounds {unknown}
 q - 3 potions of brilliance
 w - 2 potions of cancellation
Comestibles
 d - 4 bread rations
 f - a beef jerky


   Skills:
 - Level 3.0 Fighting
 + Level 3.7 Polearms
 + Level 4.4 Dodging
 + Level 3.9 Stealth
 + Level 4.2 Shields


You had 5 spell levels left.
You didn't know any spells.

Dungeon Overview and Level Annotations

Branches:
Dungeon (4/15)             Temple (1/1) D:4

Altars:
Ashenzari
Cheibriados
Dithmenos
Fedhas
Gozag
Makhleb
Nemelex Xobeh
Okawaru
Pakellas
Qazlal
Ru
Trog
Xom

Shops:
D:4 %

Annotations:
D:4 M4edhros's ghost, novice OpFi


Innate Abilities, Weirdness & Mutations

You cannot wear most types of armour.
You are amphibious.
You can wear up to eight rings at the same time.
You can use your tentacles to constrict eight enemies at once.
Your skin changes colour to match your surroundings (Stealth).
Your rubbery body absorbs attacks (AC +1).


Message History

The giant cockroach barely misses you. M4edhros's ghost hits you!
* * * LOW HITPOINT WARNING * * *
Drink which item? (? for menu, Esc to quit)
Okay, then.
Read which item? (? for menu, Esc to quit)
Okay, then.
* * * LOW HITPOINT WARNING * * *
You feel sick. The adder bites you.
* * * LOW HITPOINT WARNING * * *
Drink which item? (? for menu, Esc to quit)
It was a potion of cure mutation.
It has a very clean taste.
* * * LOW HITPOINT WARNING * * *
You feel sick. The adder closely misses you.
You block the giant cockroach's attack. You block the adder's attack.
A giant newt comes into view.
You block the adder's attack.
Drink which item? (? for menu, Esc to quit)
It was a potion of curing.
You feel better. M4edhros's ghost hits you!
You die...
Your body crumbles into a pile of gold.

##.....##
#.......#######
#..............$
#<..##..........
#...#
##....#####
#..## #...## ..#
#s.## .# #WS#
#@.# #..# #..#
#..# ...# ...#
#... ##.l


You could see M4edhros's ghost, an adder, a giant cockroach and a giant newt
(sleeping).

Vanquished Creatures
  A crimson imp (D:3)
  A hound (D:4)
  An orc priest (D:4)
  Jessica (D:2)
  Ijyb (D:2)
  A worker ant (D:4)
  An orc wizard (D:3)
  4 adders
  A giant gecko (D:2)
  9 orcs
  7 bats
  2 giant cockroaches
  5 goblins
  5 hobgoblins
  4 quokkas
  2 ball pythons
  A giant newt (D:1)
  5 kobolds
  8 rats
60 creatures vanquished.

Vanquished Creatures (others)
  A hungry ghost (D:3)
1 creature vanquished.

Grand Total: 61 creatures vanquished

Notes
Turn   | Place    | Note
--------------------------------------------------------------
     0 | D:1      | M4edhros the Octopode Fighter began the quest for the Orb.
     0 | D:1      | Reached XP level 1. HP: 16/16 MP: 1/1
   137 | D:1      | Reached XP level 2. HP: 21/21 MP: 2/2
   543 | D:2      | Reached skill level 1 in Stealth
   569 | D:2      | Noticed Jessica
   574 | D:2      | Killed Jessica
   574 | D:2      | Reached XP level 3. HP: 26/26 MP: 3/3
   717 | D:2      | Reached XP level 4. HP: 22/31 MP: 4/4
   773 | D:2      | Noticed Ijyb
   782 | D:2      | Killed Ijyb
   923 | D:3      | Reached XP level 5. HP: 26/36 MP: 5/5
  1004 | D:3      | Found a faded altar to an unknown god.
  1228 | D:3      | Found a shadowy altar of Dithmenos.
  1257 | D:3      | Found an oddly glowing altar of Pakellas.
  1257 | D:3      | Noticed a hungry ghost
  1268 | D:3      | Killed a hungry ghost
  1592 | D:4      | Found a staircase to the Ecumenical Temple.
  1605 | Temple   | Entered the Ecumenical Temple
  1609 | Temple   | Became a worshipper of Gozag Ym Sagoz the Greedy
  1697 | D:4      | Reached XP level 6. HP: 42/42 MP: 6/6
  1772 | D:4      | Noticed M4edhros's ghost (novice OpFi)
  1870 | D:4      | Found Vatest's Food Shoppe.
  2039 | D:4      | HP: 2/42 [poisoned by an adder]
  2041 | D:4      | Mangled by M4edhros's ghost

Vault maps used:
D:1:      erik_arrival_blinker_ship
D:2:      uniq_iyjb, uniq_jessica
D:3:      lemuel_crystal_altar, ecumenical_altar_2, first_bread,
          gammafunk_pakellas_cloud_experiment
D:4:      lemuel_crystal_altar, lemuel_round_altar, temple_statues,
          serial_shops, nicolae_shop_competitors_out_of_business,
          enter_ossuary_4
Temple:   minmay_freezing_vapour_temple_12

Skill      XL: |  1  2  3  4  5 |
---------------+----------------+-----
Stealth        | 1 2 3 |  3.9
Polearms       | 3 |  3.7
Dodging        | 4 |  4.4
Shields        | 4 |  4.2
Fighting       | |  3.0

Action                   |  1- 3 |  4- 6 || total
-------------------------+-------+-------++-------
Melee: Trident           |    56 |    94 ||   150
  Use: Scroll            |       |    11 ||    11
       Potion            |       |     2 ||     2
 Stab: Sleeping          |     9 |    12 ||    21
  Eat: Chunk             |       |     2 ||     2
